 Dungeon Crawl Stone Soup version 0.31-a0-986-g5e6e4ef867 (webtiles) character file.

Game seed: 8554719535421052291

118 bobarctor the Stinger (level 4, 0/30 HPs)
             Began as a Demonspawn Venom Mage on Nov 23, 2023.
             Slain by a gnoll
             ... wielding a +0 spear
              (6 damage)
             ... on level 2 of the Dungeon.
             The game lasted 00:15:44 (1669 turns).

bobarctor the Stinger (Demonspawn Venom Mage)       Turns: 1669, Time: 00:15:45

Health: 0/30       AC:  4    Str:  8    XL:     4   Next: 72%
Magic:  0/8        EV: 12    Int: 18    God:
Gold:   41         SH:  5    Dex: 14    Spells: 0/9 levels left

rFire   . . .        g - +0 club
rCold   . . .        (no shield)
rNeg    . . .        a - +0 robe
rPois   .            (no helmet)
rElec   .            (no cloak)
rCorr   .            (no gloves)
SInv    .            (no boots)
Will    .....        f - amulet of reflection
Stlth   ++           (no ring)
HPRegen 0.25/turn    (no ring)
MPRegen 0.11/turn

%: reflection
@: no status effects
A: slimy green scales 1, powered by pain 1
a: no special abilities


You were on level 2 of the Dungeon.
You visited 1 branch of the dungeon, and saw 3 of its levels.

You collected 41 gold pieces.

Inventory:

Hand Weapons
 g - a +0 club (weapon)
Missiles
 e - 2 throwing nets
Armour
 a - a +0 robe (worn)
Jewellery
 f - an amulet of reflection (around neck)
Scrolls
 i - a scroll of noise {unknown}
 j - a scroll of teleportation {unknown}
 k - a scroll of poison {unknown}
Potions
 b - a potion of magic
 c - a potion of mutation {unknown}
 d - a potion of might {unknown}
 h - a potion of enlightenment {unknown}


   Skills:
 + Level 2.5 Dodging
 + Level 2.6 Stealth
 * Level 3.2 Spellcasting
 + Level 0.0 Conjurations
 + Level 0.0 Summonings
 - Level 1.0 Transmutations
 + Level 0.0 Air Magic
 + Level 3.5 Poison Magic


You couldn't memorise any spells.
You knew the following spells:

 Your Spells              Type           Power      Damage    Failure   Level
a - Sting                 Tmut/Pois      44%        1d5       6%          1
b - Poisonous Vapours     Pois/Air       18%        N/A       12%         2
c - Mephitic Cloud        Conj/Pois/Air  7%         N/A       28%         3
d - Magic Dart            Conj           8%         1d3       16%         1
e - Call Imp              Summ           4%         N/A       24%         2

Your spell library contained the following spells:

 Spells                   Type           Power      Damage    Failure   Level
 Olgreb's Toxic Radiance  Pois           15%        N/A       36%         4


Dungeon Overview and Level Annotations

Branches:
Dungeon (3/15)

Altars:


Innate Abilities, Weirdness & Mutations

You are partially covered in slimy green scales. (AC +2)
You sometimes gain a little power by taking damage.


Message History

Confirm with . or Enter, or press ? or * to list all spells.
Aiming: Sting (safe; 6% risk of failure)
Press: ? - help, Shift-Dir - straight line, f/p - gnoll
Aim: a gnoll, wielding a +0 spear (almost dead, confused, poisoned, 94% to hit)
The sting hits the gnoll.
The gnoll looks even sicker.
You kill the gnoll!
You start resting.
A gnoll is nearby!
Casting: Sting (safe; 6% risk of failure)
Confirm with . or Enter, or press ? or * to list all spells.
Aiming: Poisonous Vapours (safe; 12% risk of failure)
Press: ? - help, Dir - move target, f - gnoll
Aim: a gnoll, wielding a +0 spear You miscast Poisonous Vapours.
You are very lightly contaminated with residual magic.
Nothing appears to happen.
Your magical contamination has completely faded away.
Found 10 gold pieces.
Casting: Poisonous Vapours (safe; 12% risk of failure)
Confirm with . or Enter, or press ? or * to list all spells.
Aiming: Poisonous Vapours (safe; 12% risk of failure)
Press: ? - help, Dir - move target, f/p - gnoll
Aim: a gnoll, wielding a +0 spear Poisonous vapours surround the gnoll!
The gnoll is poisoned.
The gnoll hits you with a +0 spear.
You barely miss the gnoll.
The gnoll is lightly wounded.
The gnoll hits you with a +0 spear! You block the gnoll's attack.
You closely miss the gnoll.
The gnoll is moderately wounded.
The gnoll hits you with a +0 spear.
You hit the gnoll but do no damage.
The gnoll is heavily wounded.
The gnoll hits you with a +0 spear.
You hit the gnoll.
The gnoll is heavily wounded.
The gnoll hits you with a +0 spear!
* * * LOW HITPOINT WARNING * * *
The gnoll hits you with a +0 spear.
You die...

... .... ....
############# .....
#...........######.....
##....#####...>....#
####.# #...g@..### #.#
##.#####..# #.##...#
#.## #g...## ..# #
#.[### .### # ##..# #$
# ##..## # ### #...#
..###g#.#


You could see a gnoll (poisoned).

Vanquished Creatures
  A jelly (D:2)
  Jessica (D:2)
  An adder (D:2)
  2 gnolls (D:2)
  2 dart slugs (D:1)
  An orc (D:3)
  2 bats (D:1)
  2 endoplasms
  2 giant cockroaches (D:1)
  2 goblins (D:1)
  3 hobgoblins (D:1)
  4 quokkas
  A ball python (D:1)
  4 frilled lizards (D:1)
  A kobold (D:2)
  2 rats (D:1)
31 creatures vanquished.

Notes
Turn   | Place    | Note
-------+----------+-------------------------------------------
     0 | D:1      | bobarctor the Demonspawn Venom Mage began the quest for the
                  | Orb.
     0 | D:1      | Reached XP level 1. HP: 13/13 MP: 3/3
   227 | D:1      | Reached skill level 1 in Transmutations
   397 | D:1      | Gained mutation: You are partially covered in slimy green
                  | scales. (AC +2) [demonic ancestry]
   397 | D:1      | Reached XP level 2. HP: 19/19 MP: 3/5
   400 | D:1      | Learned a level 2 spell: Poisonous Vapours
  1182 | D:2      | Gained mutation: You sometimes gain a little power by
                  | taking damage. [demonic ancestry]
  1182 | D:2      | Reached XP level 3. HP: 12/24 MP: 1/7
  1299 | D:2      | Reached XP level 4. HP: 27/30 MP: 0/8
  1303 | D:2      | Learned a level 3 spell: Mephitic Cloud
  1468 | D:2      | Noticed Jessica
  1480 | D:2      | Killed Jessica
  1590 | D:3      | Learned a level 1 spell: Magic Dart
  1593 | D:3      | Learned a level 2 spell: Call Imp
  1669 | D:2      | Slain by a gnoll

Illustrated notes

Levels and vault maps discovered:
D:1:      dpeg_arrival_snail, layout_loops_ring
D:2:      layout_rooms, uniq_jessica
D:3:      layout_basic, grunt_ashenzari_visionary
          [grunt_ashenzari_visionary_shoals, grunt_ashenzari_visionary_snake],
          nicolae_grassy_gnolls, uniq_grinder

Skill      XL: |  1  2  3  4 |
---------------+-------------+-----
Transmutations | 1 |  1.0
Stealth        | 2 |  2.6
Dodging        | 2 |  2.5
Spellcasting   | 3 |  3.2
Poison Magic   | |  3.5

Action                     |  1- 3 |  4- 6 || total
---------------------------+-------+-------++-------
  Melee: Club              |    24 |    19 ||    43
         Unarmed           |     3 |       ||     3
  Throw: Stone             |    10 |       ||    10
   Cast: Sting             |    24 |    10 ||    34
         Poisonous Vapours |    14 |     3 ||    17
         Magic Dart        |       |     2 ||     2
         Mephitic Cloud    |       |     2 ||     2
   Stab: Confused          |       |     2 ||     2
 Armour: Robe              |    15 |    15 ||    30
  Dodge: Dodged            |    21 |    19 ||    40
  Block: Other             |     8 |    14 ||    22
         Reflection        |     2 |     1 ||     3

Table legend: (Time is in decaauts)
 A = Elapsed time spent in this place.
 B = Non-inter-level travel time spent in this place.
 C = Inter-level travel time spent in this place.
 D = Time resting spent in this place.
 E = Time spent auto-exploring this place.
 F = Levels seen in this place.
 G = Mean time per level.
                   A        B        C        D        E       F      G
               +--------+--------+--------+--------+--------+-----+--------+
         Total |   1683 |   1662 |     21 |    465 |    856 |   3 |  561.0 |
       Dungeon |   1683 |   1662 |     21 |    465 |    856 |   3 |  561.0 |
               +--------+--------+--------+--------+--------+-----+--------+

Top non-repeatable levels by time:
     D:1: 1218 daAuts
     D:2: 363 daAuts
     D:3: 101 daAuts
